 Dungeon Crawl Stone Soup version 0.20-a0-444-g03c7170 (webtiles) character file.

492 AlphabetPasta the Slasher (level 7, -8/55 HPs)
             Began as a Barachian Fighter on Jan 6, 2017.
             Mangled by an ogre
             ... wielding a +0 giant club
              (22 damage)
             ... on level 4 of the Dungeon.
             The game lasted 00:18:19 (3429 turns).

AlphabetPasta the Slasher (Barachian Fighter)       Turns: 3429, Time: 00:18:20

Health: -8/55      AC:  9    Str: 14    XL:     7   Next: 14%
Magic:  16/16      EV:  7    Int:  6    God:
Gold:   200        SH: 11    Dex: 13    Spells: 6/6 levels left

rFire  . . .     SeeInvis .     a - +0 long sword
rCold  . . .     Gourm    .     b - +0 scale mail
rNeg   . . .     Faith    .     c - +0 shield
rPois  .         Spirit   .     s - +0 helmet
rElec  .         Reflect  +     (no cloak)
rCorr  .         Harm     .     (no gloves)
MR     +....                    i - +0 pair of boots
Stlth  ..........               t - +3 amulet of reflection
                                u - ring of protection from magic
                                q - ring of magical power

@: drained, slow
A: swims, sense surroundings 1, slowness 1, strong legs 1
a: Hop


You were on level 4 of the Dungeon.
You were not hungry.

You visited 1 branch of the dungeon, and saw 4 of its levels.
You also visited: Sewer.

You collected 200 gold pieces.

Inventory:

Hand Weapons
 a - a +0 long sword (weapon)
Armour
 b - a +0 scale mail (worn)
 c - a +0 shield (worn)
 e - a +2 large shield
 i - a +0 pair of boots (worn)
 s - a +0 helmet (worn)
Jewellery
 q - a ring of magical power (left hand)
 t - a +3 amulet of reflection (around neck)
 u - a ring of protection from magic (right hand)
Wands
 r - a wand of random effects (45/48)
Scrolls
 j - a scroll of remove curse
 l - 2 scrolls of teleportation
 o - 3 scrolls of fear
Potions
 g - 3 potions of flight
 h - a potion of curing
 m - 3 potions of heal wounds {unknown}
 n - a potion of agility {unknown}
Comestibles
 d - 2 chunks of flesh
 f - 5 bread rations
 k - 2 beef jerkies
 p - a fruit


   Skills:
 + Level 4.7(3.6) Fighting
 * Level 5.4(4.4) Long Blades
 + Level 4.4(3.4) Armour
 + Level 2.4(1.4) Dodging
 + Level 3.9(2.8) Shields


You had 6 spell levels left.
You didn't know any spells.

Dungeon Overview and Level Annotations

Branches:
Dungeon (4/15)
 Temple: D:4-7

Altars:
Kikubaaqudgha
Ru


Innate Abilities, Weirdness & Mutations

You can swim through water.
You cover ground slowly.
You can hop short distances.
You passively map a small area around you.


Message History

The ogre is lightly wounded.
The ogre barely misses you.
You hit the ogre.
The ogre is lightly wounded.
Your shield and scale mail prevent you from hitting the ogre.
The ogre is lightly wounded.
You block the ogre's attack.
Your scale mail prevents you from hitting the ogre.
The ogre is lightly wounded.
You are ready to hop once more.
The ogre hits you with a giant club!!
You hit the ogre.
The ogre is moderately wounded.
You block the ogre's attack.
You hit the ogre.
The ogre is moderately wounded.
The ogre hits you with a giant club!
* * * LOW HITPOINT WARNING * * *
The ogre hits you with a giant club!!
You die...

* , ,....,#.# *#...####
, ,* ##.##.#.# #.### ##
, ,* #...#.#.#####.# ##.
* .._...........####.. #
...#(#.#####..#.... ,
#.##.##.#.#......#.#..
#.......#.##..#....... ,
#.####O####.#......#...<
#......@....#.#.#....#.#
######.######.......#..#
* * ,
.......#......###.## * ,
...#..............#.#.
#...##.#.....>......#.#.
,, ..#.
....#.............. *
..#.##..##..............
......##........####...
* ,, *#...#......# *#.##


You could see an ogre.

Vanquished Creatures
  An ogre (D:4)
  A big kobold (Sewer)
  A scorpion (D:3)
  A howler monkey (D:3)
  2 orc wizards (D:3)
  Robin (D:2)
  3 river rats (Sewer)
  5 adders
  An ooze (D:3)
  A worm (D:3)
  2 dart slugs
  3 leopard geckos
  8 orcs (D:3)
  A ball python (D:3)
  5 bats
  4 giant cockroaches
  13 goblins
  16 hobgoblins
  A jackal (Sewer)
  12 kobolds
  A quokka (D:3)
  7 frilled lizards
  13 rats
103 creatures vanquished.

Notes
Turn   | Place    | Note
-------+----------+-------------------------------------------
     0 | D:1      | AlphabetPasta the Barachian Fighter began the quest for the Orb.
     0 | D:1      | Reached XP level 1. HP: 18/18 MP: 1/1
   189 | D:1      | Reached XP level 2. HP: 24/24 MP: 2/2
   589 | D:1      | Reached XP level 3. HP: 29/29 MP: 3/3
   799 | D:1      | Reached skill level 3 in Long Blades
   854 | D:2      | Found an ancient bone altar of Kikubaaqudgha.
  1085 | D:2      | Gained mutation: You passively map a small area around you. [potion of beneficial mutation]
  1346 | D:3      | Noticed Robin
  1357 | D:2      | Reached skill level 1 in Dodging
  1373 | D:2      | Killed Robin
  1391 | D:2      | Reached XP level 4. HP: 24/37 MP: 4/4
  1455 | D:3      | Found a glowing drain.
  1664 | Sewer    | Entered a sewer
  1684 | Sewer    | Reached XP level 5. HP: 12/42 MP: 5/5
  1692 | Sewer    | Reached skill level 4 in Long Blades
  1957 | Sewer    | Noticed a big kobold
  1971 | Sewer    | Killed a big kobold
  1997 | Sewer    | Found a white marble altar of Elyvilon.
  2115 | D:3      | Reached XP level 6. HP: 21/48 MP: 6/6
  2634 | D:3      | Reached skill level 5 in Long Blades
  3188 | D:4      | Noticed a slave
  3234 | D:4      | Reached XP level 7. HP: 33/55 MP: 7/7
  3406 | D:4      | Found a sacrificial altar of Ru.
  3429 | D:4      | Mangled by an ogre

Vault maps used:
D:1:      elethiomel_arrival_shortcut
D:2:      nicolae_overflow_crystal_walls, first_bread
D:3:      gup_sewer_entry_glass, minmay_bisected, uniq_robin
D:4:      tgw_sif, nicolae_ru_sacrificial_ziggurat, okawaru_altar_gauntlet_db,
          uniq_pikel
Sewer:    sewer_kobolds

Skill      XL: |  1  2  3  4  5  6 |
---------------+-------------------+-----
Long Blades    | 3 4 5 |  5.4
Dodging        | 1 2 |  2.4
Fighting       | 4 |  4.7
Armour         | 4 |  4.4
Shields        | |  3.9

Action                   |  1- 3 |  4- 6 |  7- 9 || total
-------------------------+-------+-------+-------++-------
Melee: Long sword        |   132 |   249 |    14 ||   395
 Abil: Hop               |       |       |     1 ||     1
Evoke: Wand              |       |     1 |       ||     1
  Use: Scroll            |    10 |     3 |       ||    13
       Potion            |     1 |     5 |       ||     6
  Eat: Chunk             |     2 |     7 |       ||     9
       Fruit             |       |     1 |       ||     1
Armor: Scale mail        |    56 |   100 |     3 ||   159
Dodge: Dodged            |    29 |    63 |     2 ||    94
Block: Shield            |    55 |   135 |     7 ||   197
       Reflection        |       |     4 |       ||     4
       Rpst.: Long sword |     6 |    20 |       ||    26
